 Dungeon Crawl Stone Soup version 0.22-a0-538-g76cc104 (webtiles) character file.

97948 Amnesiac the Fetichist (level 15, -5/84 HPs)
             Began as a Spriggan Wanderer on June 23, 2018.
             Was a High Priest of Okawaru.
             Killed from afar by a fire dragon (32 damage)
             ... with a blast of flame
             ... on level 2 of the Depths.
             The game lasted 01:07:18 (28752 turns).

Amnesiac the Fetichist (Spriggan Wanderer)         Turns: 28752, Time: 01:07:18

Health: -5/84      AC: 17    Str: 15    XL:     15   Next: 73%
Magic:  0/27       EV: 30    Int: 17    God:    Okawaru [*****.]
Gold:   1755       SH:  8    Dex: 15    Spells: 14/14 levels left

rFire    . . .     SeeInvis +   a - +4 arc blade {discharge, rElec}
rCold    + . .     Gourm    .   i - +0 buckler {AC+3}
rNeg     . . .     Faith    .   H - +1 swamp dragon scales
rPois    +         Spirit   +   e - +1 hat {Int+3}
rElec    +         Reflect  .   C - scarf {repulsion}
rCorr    .         Harm     .   (gloves unavailable)
MR       ++...                  (boots unavailable)
Stlth    ++++......             l - amulet of guardian spirit
HPRegen  0.24/turn              p - ring of protection from cold
MPRegen  0.20/turn              j - +2 ring of protection

@: about to teleport, heroism, finesse, slowed, repel missiles, quick
A: very small, unfitting armour, see invisible, herbivore, speed 3, slow
metabolism 2
a: Heroism, Finesse, Renounce Religion


You were on level 2 of the Depths.
You worshipped Okawaru.
Okawaru was extremely pleased with you.
You were not hungry.

You visited 4 branches of the dungeon, and saw 21 of its levels.
You also visited: Labyrinth and Bailey.

You collected 2360 gold pieces.
You spent 605 gold pieces at shops.

Inventory:

Hand Weapons
 a - the +4 arc blade (weapon) {discharge, rElec}
   (You took it off a wizard on level 1 of the Depths)

   It insulates you from electricity.
 b - a +9 quick blade
 o - the +7 fustibalus of Ytamoh {velocity, Dex+2}
   (You bought it in a shop on level 2 of the Orcish Mines)

   Any stone fired from it inflicts extra damage.
   It affects your dexterity (+2).
 q - a +0 blowgun
 B - a +1 arbalest of freezing
Missiles
 s - 9 curare-tipped needles
 A - 206 bolts
 E - 474 stones (quivered)
 F - 141 sling bullets
 G - 2 needles of paralysis
 I - 5 needles of confusion
Armour
 e - a +1 hat of intelligence (worn)
 i - a +0 buckler of protection (worn)
 z - a +0 troll leather armour
 C - a scarf of repulsion (worn)
 H - +1 swamp dragon scales (worn)
Jewellery
 j - a +2 ring of protection (right hand)
 l - an amulet of guardian spirit (around neck)
 p - a ring of protection from cold (left hand)
 N - an uncursed ring of flight
 U - an uncursed ring of protection from fire
 W - an uncursed ring of resist corrosion
Wands
 v - a wand of disintegration (10)
 w - a wand of paralysis (43)
 D - a wand of polymorph (20)
 O - a wand of iceblast (17)
 P - a wand of digging (11)
 Q - a wand of flame (41)
 Y - a wand of random effects (39)
Scrolls
 g - a scroll of enchant weapon {!r}
 h - 5 scrolls of teleportation {!r}
 k - a scroll of magic mapping {!r}
 m - 17 scrolls of identify {!r}
 r - 4 scrolls of enchant armour {!r}
 t - 2 scrolls of blinking {!r}
 L - 3 scrolls of remove curse {!r}
 S - a scroll of fog {!r}
Potions
 c - 9 potions of curing {!q}
 d - 8 potions of lignification {!q}
 n - a potion of cancellation {!q}
 u - a potion of resistance {!q}
 x - 2 potions of brilliance {!q}
 J - a potion of might {!q}
 K - a potion of berserk rage {!q}
 T - a potion of mutation {!q}
 V - a potion of agility {!q}
Miscellaneous
 M - a phantom mirror
Comestibles
 f - 18 rations


   Skills:
 - Level 12.0(17.0) Fighting
 * Level 6.6(11.6) Short Blades
   Level 1.0(6.0) Axes
 - Level 9.1(14.1) Slings
 - Level 13.0(18.0) Crossbows
 - Level 5.0(10.0) Armour
 - Level 13.5(18.5) Dodging
 + Level 6.5(11.5) Stealth
 - Level 3.0(8.0) Shields
 - Level 8.5 Invocations
 - Level 15.2 Evocations


You had 14 spell levels left.
You didn't know any spells.
Your spell library contained the following spells:

 Spells                   Type           Power        Failure   Level  Hunger
 Cause Fear               Hex            #.........   98%         4    #####..
 Magic Dart               Conj           #...         36%         1    ##.....
 Fireball                 Conj/Fire      #.........   100%        5    ######.
 Conjure Flame            Conj/Fire      #.......     75%         3    ####...
 Throw Flame              Conj/Fire      #.....       52%         2    ###....
 Iskenderun's Mystic Bla  Conj           #.......     98%         4    #####..
 Sticky Flame             Conj/Fire      #.......     98%         4    #####..
 Deflect Missiles         Chrm/Air       #.........   100%        6    #######
 Flame Tongue             Conj/Fire      #....        36%         1    ##.....
 Silence                  Hex/Air        #.........   100%        5    ######.
 Inner Flame              Hex/Fire       #.......     75%         3    ####...
 Fulminant Prism          Conj/Hex       #.........   98%         4    #####..
 Dazzling Spray           Conj/Hex       #.....       75%         3    ####...
 Force Lance              Conj/Tloc      #.......     98%         4    #####..
 Searing Ray              Conj           #.....       52%         2    ###....
 Discord                  Hex            #.........   100%        8    #######
 Yara's Violent Unravell  Hex/Tmut       #.........   100%        5    ######.


Dungeon Overview and Level Annotations

Branches:
Dungeon (15/15)            Temple (1/1) D:4            Lair (0/6) D:9
    Orc (2/2) D:10            Elf (0/3) Orc:2        Vaults (0/5) D:13
 Depths (3/5) D:15

Altars:
Ashenzari
Cheibriados
Dithmenos
Elyvilon
Fedhas
Gozag
Hepliaklqana
Kikubaaqudgha
Makhleb
Nemelex Xobeh
Okawaru
Qazlal
Ru
Sif Muna
Trog
Uskayaw
Vehumet
Wu Jian
Xom
Yredelemnul
Zin
The Shining One

Shops:
D:10 :   D:13 (   Orc:1 !   Orc:2 %((=

Portals:
Hell: Depths:1
Pandemonium: Depths:3
Trove: D:12 (give horn of Geryon)


Innate Abilities, Weirdness & Mutations

You are very small and have problems with some larger weapons.
You are too small for most types of armour.
You have supernaturally acute eyesight. (SInv)
You are a herbivore.
You cover ground extremely quickly.
You need to consume almost no food.


Message History

You puncture the yaktaur!
The yaktaur is heavily wounded.
The yaktaur shoots a bolt.
The bolt hits you!!
You completely miss the yaktaur.
The yaktaur is heavily wounded.
The fire dragon breathes flames at you. The blast of flame misses you.
The yaktaur closely misses you.
You hear a shout! x3
You puncture the yaktaur!
The yaktaur is struck by lightning.
You kill the yaktaur!
Okawaru accepts your kill.
The lightning arcs!
You are struck by lightning.
You resist.
The lightning arcs!
The yaktaur shoots a bolt.
The bolt is repelled.
The yaktaur shoots a bolt.
The bolt hits you!!
You hear a shout!
There is a stone staircase leading down here.
The yaktaur shoots a bolt.
The bolt completely misses you. The fire dragon barely misses you.
You block the fire dragon's attack. The fire dragon tramples you.
* * * LOW HITPOINT WARNING * * *
You stumble backwards!
You stop descending the stairs.
A brown ugly thing comes into view.
Found a heavily runed chain mail.
The brown ugly thing gurgles horribly!
You hit the fire dragon but do no damage.
The yaktaur shoots a bolt.
You block the bolt. The fire dragon breathes flames at you.
The blast of flame misses you.
You hear a shout! x4; You hear a horrible gurgling sound! x2
You gain the combat prowess of a mighty hero.
The fire dragon closely misses you.
The fire dragon claws you but does no damage.
The fire dragon completely misses you.
The yaktaur shoots a bolt.
The bolt is repelled.
You hear a shout!
You can now deal lightning-fast blows.
The fire dragon completely misses you.
The fire dragon claws you but does no damage.
The fire dragon misses you.
The yaktaur shoots a bolt.
The bolt completely misses you.
You hit the fire dragon.
The fire dragon is lightly wounded.
You hear a grinding noise.
You closely miss the fire dragon.
The fire dragon is lightly wounded.
The fire dragon bites you but does no damage.
The fire dragon claws you!
* * * LOW HITPOINT WARNING * * *
The fire dragon barely misses you.
You barely miss the fire dragon. You puncture the fire dragon!
The fire dragon is lightly wounded.
The power of Zot is invoked against you!
You feel yourself slow down. Space warps around you!
* * * LOW HITPOINT WARNING * * *
You blink.
A deep troll shaman comes into view.
A slime creature comes into view.
Really read
h - 6 scrolls of teleportation {!r}?
As you read the scroll of teleportation {!r}, it crumbles to dust.
You feel strangely unstable.
The centaur shoots an arrow.
The arrow is repelled.
The fire dragon breathes flames at you. The blast of flame hits you!
You die...

.........(.......##..
..................
...###.....u...####
..#...(...........#..#..>
#......(..§((............
#<......)(D....(.........
#........)............(...
............C..c.....>.....
............@..c.............
#..............................
##...#............c....≈(<.....
##..##..........T.....≈(..(...
... ..#.................##(.#
#.............(?(###(..
##......J......#D####..
............(..C).C)((
+#########'###


You could see a fire dragon, a stone giant, a brown ugly thing, a slime creature
(wandering), a deep troll shaman, 2 yaktaurs and a centaur.

Vanquished Creatures
  Bai Suzhen (Depths:1)
  Jorgrun (Depths:1)
  Gastronok (Orc:1)
  A fire giant (Depths:1)
  A balrug (Depths:1)
  A minotaur (Lab)
  A spark wasp (Depths:3)
  An ettin (Depths:3)
  Josephine (D:15)
  A fire dragon (Depths:1)
  5 vault guards (D:13)
  2 hydras
  2 rakshasas
  Erolcha (Orc:1)
  An ice dragon (D:15)
  13 two-headed ogres
  4 centaur warriors
  2 death knights
  3 deep troll shamans (Depths:1)
  An orc high priest (Bailey)
  Urug (D:13)
  A deep troll earth mage (Depths:3)
  2 ogre magi (Orc:2)
  2 tengu warriors
  2 sun demons (Depths:1)
  The ghost of Torious the Destroyer, a novice DECj of Sif Muna (D:9)
  8 skeletal warriors
  5 iron trolls (Depths:1)
  2 unseen horrors
  3 deep trolls
  A flayed ghost (D:15)
  A necromancer (D:15)
  2 orc knights
  A phantasmal warrior (D:9)
  3 wizards
  A stone giant zombie (D:15)
  2 manticores
  12 ugly things
  An orc sorcerer (Orc:1)
  A faun (shapeshifter) (D:15)
  7 cyclopes
  5 centaur zombies
  3 gargoyles
  2 freezing wraiths
  6 yaktaurs
  A kobold demonologist (Bailey)
  2 efreet
  4 tengu conjurers
  17 trolls
  2 komodo dragons
  A minotaur skeleton (Lab)
  3 meliai (D:8)
  11 slime creatures
  5 large abominations (Depths:1)
  4 hippogriffs
  An ice dragon skeleton (D:15)
  A tarantella (shapeshifter) (D:9)
  A human (shapeshifter) (D:15)
  A vampire (D:15)
  A wyvern (D:14)
  A shadow (D:14)
  9 wraiths
  9 yaks
  A hog (D:13)
  2 humans (D:13)
  2 basilisks
  7 small abominations (Depths:1)
  A hungry ghost (Lab)
  A warg (Orc:1)
  4 steam dragons
  2 vampire mosquitoes (D:13)
  A tengu zombie (D:15)
  A human skeleton (D:15)
  A water moccasin (D:9)
  2 hell hounds (D:9)
  A hornet zombie (D:9)
  30 orc warriors
  A phantom (D:14)
  5 ice beasts
  An eye of draining (D:10)
  5 sky beasts
  A necrophage (D:5)
  2 black bears
  26 ogres
  15 boggarts
  20 centaurs
  A crocodile (D:10)
  2 big kobolds
  7 bullfrogs
  2 wyvern skeletons
  2 scorpions
  8 wights
  A howler monkey (D:10)
  An electric eel (Bailey)
  7 crimson imps
  5 jellies
  2 bullfrog zombies
  3 hounds
  A quasit (D:8)
  A bullfrog skeleton (D:5)
  4 centaur skeletons
  13 orc priests
  4 iguanas
  13 orc wizards
  13 worker ants
  A killer bee zombie (D:8)
  The ghost of iamserjio the Charmwright, a weakling VSSk (D:3)
  A hound skeleton (D:7)
  A mummy (D:6)
  A howler monkey zombie (D:6)
  2 worker ant zombies (D:7)
  3 gnolls
  18 adders
  8 shadow imps
  2 oozes (D:1)
  An adder skeleton (D:4)
  3 worms
  4 dart slugs
  6 leopard geckos
  79 orcs
  4 ball pythons
  7 giant cockroaches
  21 hobgoblins
  21 jackals
  16 kobolds
  5 quokkas
  6 bats
  2 frilled lizards
  23 goblins
  A jackal zombie (D:6)
  A leopard gecko skeleton (D:8)
  A quokka zombie (D:5)
  12 rats
666 creatures vanquished.

Vanquished Creatures (others)
  A phantom (D:7)
  A leopard gecko (D:6)
  An orc (D:14)
  A leopard gecko skeleton (D:7)
  2 withered plants (D:15)
6 creatures vanquished.

Grand Total: 672 creatures vanquished

Notes
Turn   | Place    | Note
-------+----------+-------------------------------------------
     0 | D:1      | Amnesiac the Spriggan Wanderer began the quest for the Orb.
     0 | D:1      | Amnesiac set off with: a +2 hand crossbow, 27 bolts, a potion of curing {!q}, a potion of lignification {!q}, a +0 robe, a ration
     0 | D:1      | Reached XP level 1. HP: 10/10 MP: 3/3
    20 | D:1      | Reached XP level 2. HP: 13/14 MP: 4/4
   236 | D:1      | Reached XP level 3. HP: 18/18 MP: 5/5
  1023 | D:3      | Reached XP level 4. HP: 22/22 MP: 6/6
  1058 | D:3      | Found a runed door.
  1060 | D:3      | Noticed iamserjio's ghost (weakling VSSk)
  1100 | D:3      | Killed iamserjio's ghost
  1385 | D:3      | Reached XP level 5. HP: 22/25 MP: 7/7
  1443 | D:3      | Found an iron altar of Okawaru.
  1470 | D:3      | Became a worshipper of Warmaster Okawaru
  1661 | D:3      | Found a sparkling altar of Nemelex Xobeh.
  2211 | D:2      | Found a blossoming altar of Fedhas.
  2213 | D:2      | Found an ancient bone altar of Kikubaaqudgha.
  2592 | D:4      | Found a staircase to the Ecumenical Temple.
  2603 | Temple   | Entered the Ecumenical Temple
  2794 | D:4      | Reached XP level 6. HP: 29/30 MP: 6/8
  2900 | D:4      | Noticed a sky beast
  2910 | D:4      | Killed a sky beast
  2910 | D:4      | Reached * piety under Okawaru
  3418 | D:5      | Entered Level 5 of the Dungeon
  3479 | D:5      | Found a burning altar of Makhleb.
  3483 | D:5      | Reached XP level 7. HP: 31/33 MP: 9/9
  3602 | D:5      | Reached ** piety under Okawaru
  3732 | D:5      | Reached skill level 10 in Crossbows
  3821 | D:5      | Reached skill level 1 in Dodging
  4226 | D:6      | Noticed a hippogriff
  4242 | D:6      | Killed a hippogriff
  4242 | D:6      | Reached XP level 8. HP: 40/40 MP: 10/10
  4432 | D:6      | Reached *** piety under Okawaru
  4432 | D:6      | Reached skill level 5 in Dodging
  4862 | D:6      | Found a snail-covered altar of Cheibriados.
  5400 | D:7      | Reached skill level 5 in Fighting
  5716 | D:7      | Got a twisted war axe
  5717 | D:7      | Identified the +9 war axe "Vitot" {chop, rF++} (You found it on level 7 of the Dungeon)
  5746 | D:7      | Reached skill level 2 in Evocations
  5746 | D:7      | Reached XP level 9. HP: 36/47 MP: 6/11
  5801 | D:7      | Reached skill level 3 in Evocations
  5834 | D:7      | Found an ornate altar of the Wu Jian Council.
  5853 | D:7      | Reached skill level 4 in Evocations
  5864 | D:7      | Reached skill level 5 in Evocations
  6124 | D:7      | Received a gift from Okawaru
  6124 | D:7      | Reached skill level 6 in Evocations
  6227 | D:8      | Noticed a meliai
  6228 | D:8      | Noticed a meliai
  6228 | D:8      | Noticed a meliai
  6231 | D:8      | Killed a meliai
  6231 | D:8      | Reached **** piety under Okawaru
  6486 | D:8      | Killed a meliai
  6490 | D:8      | Killed a meliai
  6834 | D:8      | Reached skill level 7 in Evocations
  6988 | D:8      | Noticed a troll
  7002 | D:8      | Killed a troll
  7007 | D:8      | Reached ***** piety under Okawaru
  7271 | D:8      | Received a gift from Okawaru
  7271 | D:8      | Reached XP level 10. HP: 55/55 MP: 16/16
  7564 | D:9      | Found a staircase to the Lair.
  7580 | D:9      | Reached skill level 1 in Invocations
  7750 | D:9      | Reached skill level 8 in Evocations
  7829 | D:9      | Found a runed door.
  7829 | D:9      | Noticed a guardian serpent
  7829 | D:9      | Noticed Torious's ghost (novice DECj)
  7852 | D:9      | Found a hide-covered altar of Uskayaw.
  7903 | D:9      | Received a gift from Okawaru
  7973 | D:9      | Noticed a skeletal warrior
  8074 | D:9      | Killed a skeletal warrior
  8074 | D:9      | Received a gift from Okawaru
  8467 | D:9      | Noticed a death knight
  8467 | D:9      | Noticed a phantasmal warrior
  8536 | D:9      | Killed a phantasmal warrior
  8645 | D:9      | Killed a death knight
  8645 | D:9      | Reached skill level 9 in Evocations
  8991 | D:9      | Killed Torious's ghost
  8991 | D:9      | Reached skill level 5 in Invocations
  8993 | D:9      | Reached XP level 11. HP: 7/60 MP: 3/19
  9275 | D:10     | Entered Level 10 of the Dungeon
  9485 | D:10     | Received a gift from Okawaru
  9510 | D:10     | Noticed a two-headed ogre
  9523 | D:10     | Killed a two-headed ogre
  9550 | D:10     | Found a staircase to the Orcish Mines.
  9593 | D:10     | Found Woceink's Book Boutique.
  9917 | Orc:1    | Entered Level 1 of the Orcish Mines
  9917 | Orc:1    | Found Bocee's Distillery.
 10073 | Orc:1    | Found a flagged portal.
 10097 | Orc:1    | Bought a potion of flight for 45 gold pieces
 10116 | Bailey   | Entered a bailey
 10231 | Bailey   | Noticed an orc high priest
 10241 | Bailey   | Noticed a sun demon
 10246 | Bailey   | Killed an orc high priest
 10255 | Bailey   | Found an iron altar of Okawaru.
 11003 | Orc:1    | Reached ****** piety under Okawaru
 11048 | Orc:1    | Noticed Gastronok
 11076 | Orc:1    | Killed Gastronok
 11076 | Orc:1    | Received a gift from Okawaru
 11260 | Orc:1    | Noticed Erolcha
 11276 | Orc:1    | Killed Erolcha
 11490 | Orc:1    | Noticed an orc sorcerer
 11493 | Orc:1    | Killed an orc sorcerer
 11537 | Orc:1    | Reached XP level 12. HP: 42/64 MP: 15/20
 11766 | Orc:2    | Entered Level 2 of the Orcish Mines
 11766 | Orc:2    | Found a radiant altar of Vehumet.
 11854 | Orc:2    | Found a staircase to the Elven Halls.
 11937 | Orc:2    | Noticed an ogre mage
 11942 | Orc:2    | Noticed an ogre mage
 11946 | Orc:2    | Killed an ogre mage
 12188 | Orc:2    | Killed an ogre mage
 12266 | Orc:2    | Noticed a two-headed ogre
 12289 | Orc:2    | Killed a two-headed ogre
 12289 | Orc:2    | Reached skill level 10 in Evocations
 12476 | Orc:2    | Noticed a two-headed ogre
 12505 | Orc:2    | Killed a two-headed ogre
 12505 | Orc:2    | Received a gift from Okawaru
 12505 | Orc:2    | Reached skill level 1 in Short Blades
 12522 | Orc:2    | Noticed a two-headed ogre
 12522 | Orc:2    | Noticed a two-headed ogre
 12528 | Orc:2    | Noticed a two-headed ogre
 12553 | Orc:2    | Reached skill level 10 in Dodging
 12570 | Orc:2    | Killed a two-headed ogre
 12606 | Orc:2    | Killed a two-headed ogre
 12625 | Orc:2    | Killed a two-headed ogre
 12696 | Orc:2    | Received a gift from Okawaru
 12771 | Orc:2    | Noticed a two-headed ogre
 12772 | Orc:2    | Noticed a two-headed ogre
 12813 | Orc:2    | Killed a two-headed ogre
 12828 | Orc:2    | Killed a two-headed ogre
 12903 | Orc:2    | Reached skill level 11 in Evocations
 12968 | Orc:2    | Noticed a two-headed ogre
 12973 | Orc:2    | Killed a two-headed ogre
 12973 | Orc:2    | Reached XP level 13. HP: 53/72 MP: 22/22
 13016 | Orc:2    | Received a gift from Okawaru
 13139 | Orc:2    | Reached skill level 10 in Fighting
 13159 | Orc:2    | Found Sigru's Weapon Boutique.
 13186 | Orc:2    | Found March's Food Shop.
 13188 | Orc:2    | Found Tukofela's Antique Weapon Emporium.
 13197 | Orc:2    | Found Juch's Jewellery Shop.
 13540 | Orc:2    | Bought a dazzling fustibalus for 560 gold pieces
 13542 | Orc:2    | Identified the +7 fustibalus of Ytamoh {velocity, Dex+2} (You bought it in a shop on level 2 of the Orcish Mines)
 14926 | D:11     | Reached skill level 1 in Slings
 15513 | D:11     | Reached skill level 5 in Slings
 15690 | D:11     | Received a gift from Okawaru
 15941 | D:12     | Found a portal to a secret trove of treasure.
 16080 | D:12     | Found a blossoming altar of Fedhas.
 16345 | D:12     | Received a gift from Okawaru
 16861 | D:13     | Noticed Urug
 17212 | D:13     | Killed Urug
 18143 | D:13     | Found Plog's Weapon Boutique.
 18213 | D:13     | Reached skill level 12 in Evocations
 18521 | D:13     | Received a gift from Okawaru
 18528 | D:13     | Reached XP level 14. HP: 66/77 MP: 12/24
 18633 | D:13     | Found a gate to the Vaults.
 19217 | D:14     | Found a labyrinth entrance.
 19226 | Lab      | Entered a labyrinth
 19868 | Lab      | Received a gift from Okawaru
 19921 | D:14     | Found a frozen archway.
 20080 | D:14     | Found a white marble altar of Elyvilon.
 20182 | D:14     | Received a gift from Okawaru
 20188 | D:14     | Got a pitted turquoise ring
 20190 | D:14     | Identified the ring "Muareic" {*Drain rPois Str+2 Dex+2} (You acquired it on level 14 of the Dungeon)
 20849 | D:15     | Entered Level 15 of the Dungeon
 21141 | D:15     | Reached skill level 13 in Evocations
 21307 | D:15     | Noticed Josephine
 21313 | D:15     | Found a staircase to the Depths.
 21618 | D:15     | Received a gift from Okawaru
 21618 | D:15     | Reached skill level 1 in Armour
 21861 | D:15     | Received a gift from Okawaru
 21920 | D:15     | Killed Josephine
 22608 | D:15     | Found a sacrificial altar of Ru.
 22816 | Depths:1 | Entered Level 1 of the Depths
 22820 | Depths:1 | Noticed a fire giant
 22820 | Depths:1 | Noticed a red very ugly thing
 22820 | Depths:1 | Noticed a red very ugly thing
 22820 | Depths:1 | Noticed a red very ugly thing
 22822 | Depths:1 | Noticed a stone giant
 22913 | D:15     | Received a gift from Okawaru
 23235 | Depths:1 | Reached skill level 14 in Evocations
 24391 | Depths:1 | Received a gift from Okawaru
 24403 | Depths:1 | Reached XP level 15. HP: 56/84 MP: 17/26
 24572 | Depths:1 | Noticed Jorgrun
 24646 | Depths:1 | HP: 3/84 [Jorgrun/staff of earth (8)]
 24653 | Depths:1 | Killed Jorgrun
 25605 | Depths:1 | Noticed Bai Suzhen
 25732 | Depths:1 | Killed Bai Suzhen
 25732 | Depths:1 | Reached skill level 15 in Evocations
 25855 | Depths:1 | Reached skill level 5 in Armour
 26151 | Depths:1 | Reached skill level 1 in Stealth
 26245 | Depths:1 | Noticed a fire giant
 26271 | Depths:1 | Killed a fire giant
 26393 | Depths:1 | Received a gift from Okawaru
 27323 | Depths:1 | Found a gateway to Hell.
 27452 | Depths:1 | Reached skill level 5 in Short Blades
 27452 | Depths:1 | Reached skill level 5 in Stealth
 27669 | Depths:2 | Noticed a sphinx
 28380 | Depths:2 | Noticed a tentacled monstrosity
 28381 | Depths:2 | Noticed a golden dragon
 28400 | Depths:2 | Noticed a frost giant
 28402 | Depths:2 | You fall through a shaft!
 28404 | Depths:3 | Found a one-way gate leading to the halls of Pandemonium.
 28408 | Depths:3 | Received a gift from Okawaru
 28752 | Depths:2 | Killed from afar by a fire dragon

Vault maps used:
D:1:      evilmike_arrival_run_for_it
D:2:      grunt_temple_overflow_growth_and_decay, first_ration,
          kennysheep_generic_room_2
D:3:      okawaru_altar_gauntlet_db, gammafunk_ghost_grave,
          nemelex_spade_bored_becter
D:4:      minmay_temple_entry_trees, corner_web_ring
D:5:      kennysheep_crisscross, bloody_makhleb
D:6:      cheibrodos_steamvent, slow_altar_2
D:7:      lemuel_crystal_altar
D:9:      eat_drink_and_be_merry_uskayaw, minmay_lair_entry_lava,
          ebering_ghost_inner_flame
D:10:     orc_0_dummy, serial_shops, nicolae_shop_window_shopping
D:12:     enter_trove_2, basic_altar
D:13:     grunt_vaults_entry_fortified, serial_shops, shop_statue,
          grunt_livestock, hangedman_abyss_or_decor_passed, uniq_urug
D:14:     portal_ice_cave_entry_pillars_1, lab_entry_generic,
          serial_park_square3, elyvilon_altar_1
D:15:     gammafunk_depths_entry_grave, nicolae_ru_sacrificial_ziggurat,
          uniq_josephine
Temple:   eino_temple_scatter_basement
Orc:1:    nicolae_orc_accident_1, enter_bailey_4, serial_shops,
          nicolae_shop_competitors_out_of_business, uniq_erolcha, uniq_gastronok
Orc:2:    st_orc_open, basic_altar
Depths:1: lightli_too_deep, kennysheep_doodads, nicolae_benzene_ring,
          minmay_misc_feat_roman, laboratory, uniq_jorgrun, uniq_bai_suzhen
Depths:2: minmay_the_grid_4x2, hell_entry
Depths:3: minmay_shrinking_squares, pan_entry, grunt_hell_entry_dis_old,
          minmay_tree_intersection, evilmike_butchery,
          minmay_staircase_statues_hall_small, uniq_jory
Lab:      labyrinth_fake_exit, lab_statue, nicolae_lab_stuck, labyrinth_glass_1,
          nicolae_lab_plus
Bailey:   bailey_axe_of_yendor_kennysheep, bailey

Skill      XL: |  1  2  3  4  5  6  7  8  9 10 11 12 13 14 15 |
---------------+----------------------------------------------+-----
Crossbows      | 6 7 8 9 10 12 13 | 13.0
Fighting       | 3 5 7 8 9 10 12 | 12.0
Dodging        | 3 6 8 9 11 12 13 | 13.5
Evocations     | 2 7 9 11 12 14 15 | 15.2
Invocations    | 5 8 |  8.5
Short Blades   | 3 6 |  6.6
Slings         | 9 |  9.1
Armour         | 3 5 |  5.0
Shields        | 3 |  3.0
Stealth        | 6 |  6.5
Axes           | |  1.0

Action                   |  1- 3 |  4- 6 |  7- 9 | 10-12 | 13-15 || total
-------------------------+-------+-------+-------+-------+-------++-------
Melee: War axe           |       |       |    21 |       |       ||    21
       Quick blade       |       |       |       |   194 |    27 ||   221
       Punch             |       |       |       |     5 |       ||     5
       Rapier            |       |       |       |       |    75 ||    75
 Fire: Hand crossbow     |    65 |   195 |   347 |   292 |       ||   899
       Arbalest          |       |       |       |   373 |   118 ||   491
       Fustibalus        |       |       |       |       |  1681 ||  1681
       Triple crossbow   |       |       |       |       |    38 ||    38
       Blowgun           |       |       |       |       |     3 ||     3
Throw: Throwing net      |       |       |       |       |     2 ||     2
Invok: Heroism           |       |       |     1 |     5 |    15 ||    21
       Finesse           |       |       |       |     6 |    14 ||    20
 Abil: Evoke Flight      |       |       |       |       |     2 ||     2
Evoke: Wand              |       |       |     1 |    12 |    33 ||    46
  Use: Scroll            |       |     7 |     1 |     6 |    20 ||    34
       Potion            |       |     1 |     1 |     8 |     9 ||    19
 Stab: Paralysed         |       |       |       |       |     3 ||     3
       Sleeping          |       |       |       |       |     1 ||     1
  Eat: Ration            |       |       |     3 |     1 |     9 ||    13
Armor: Robe              |     5 |    14 |     7 |    16 |    41 ||    83
       Steam dragon scal |       |       |    24 |     9 |       ||    33
       Troll leather arm |       |       |       |       |    15 ||    15
       Fire dragon scale |       |       |       |       |    41 ||    41
       Swamp dragon scal |       |       |       |       |     3 ||     3
Dodge: Dodged            |     9 |    63 |   146 |   346 |   951 ||  1515
       Deflected         |       |       |       |     5 |    46 ||    51
Block: Buckler           |       |       |       |       |    84 ||    84

Table legend:
 A = Spawn XP
 B = Non-spawn XP
 C = Spawn XP percentage of total XP
 D = Spawn monster count
 E = Non-spawn monster count
 F = Spawn count percentage of total count
 G = Total turns spent on level
                    A         B        C        D         E        F      G
               +---------+---------+-------+---------+---------+-------+---------
         Total |       0 |  139927 |   0.0 |       0 |     667 |   0.0 | 28752
               +---------+---------+-------+---------+---------+-------+---------
           D:1 |       0 |      62 |   0.0 |       0 |      28 |   0.0 |   739
           D:2 |       0 |     128 |   0.0 |       0 |      35 |   0.0 |  1307
           D:3 |       0 |     182 |   0.0 |       0 |      32 |   0.0 |   990
           D:4 |       0 |     263 |   0.0 |       0 |      10 |   0.0 |   723
           D:5 |       0 |     785 |   0.0 |       0 |      36 |   0.0 |   858
           D:6 |       0 |     863 |   0.0 |       0 |      11 |   0.0 |  1305
           D:7 |       0 |    1364 |   0.0 |       0 |      31 |   0.0 |  1387
           D:8 |       0 |    2021 |   0.0 |       0 |      21 |   0.0 |  1208
           D:9 |       0 |    5413 |   0.0 |       0 |      21 |   0.0 |  1878
          D:10 |       0 |    2395 |   0.0 |       0 |      23 |   0.0 |   786
          D:11 |       0 |    5457 |   0.0 |       0 |      40 |   0.0 |  1141
          D:12 |       0 |    4846 |   0.0 |       0 |      36 |   0.0 |  1033
          D:13 |       0 |   16636 |   0.0 |       0 |      33 |   0.0 |  1730
          D:14 |       0 |    9235 |   0.0 |       0 |      37 |   0.0 |  1549
          D:15 |       0 |   20211 |   0.0 |       0 |      59 |   0.0 |  2554
         Orc:1 |       0 |    5906 |   0.0 |       0 |      35 |   0.0 |  1298
         Orc:2 |       0 |   18232 |   0.0 |       0 |      62 |   0.0 |  1492
      Depths:1 |       0 |   34389 |   0.0 |       0 |      55 |   0.0 |  4567
      Depths:2 |       0 |    2432 |   0.0 |       0 |      10 |   0.0 |   166
      Depths:3 |       0 |    4511 |   0.0 |       0 |       7 |   0.0 |   334
           Lab |       0 |    1780 |   0.0 |       0 |       3 |   0.0 |   671
        Bailey |       0 |    2816 |   0.0 |       0 |      42 |   0.0 |   875
               +---------+---------+-------+---------+---------+-------+---------
